 Dungeon Crawl Stone Soup version 0.29-a0-275-g389c0b56f3 (webtiles) character file.

Game seed: 268067584487538533

912 PaleWalker the Grappler (level 8, -6/71 HPs)
             Began as a Ghoul Monk on Mar 9, 2022.
             Mangled by Edmund
             ... wielding a +1 flail of draining
              (8 damage)
             ... on level 4 of the Dungeon.
             The game lasted 00:07:22 (5428 turns).

PaleWalker the Grappler (Ghoul Monk)                Turns: 5428, Time: 00:07:23

Health: -6/71      AC:  3    Str: 17    XL:     8   Next: 9%
Magic:  7/7        EV: 12    Int:  5    God:
Gold:   268        SH:  0    Dex: 11    Spells: 7/7 levels left

rFire   . . .      SeeInvis .     - Unarmed
rCold   + . .      Faith    .   (no shield)
rNeg    + + +      Spirit   .   d - +0 leather armour
rPois   ∞          Reflect  .   (no helmet)
rElec   .          Harm     .   (no cloak)
rCorr   .          Rampage  .   (no gloves)
Will    .....                   (no boots)
Stlth   ++........              (no amulet)
HPRegen 0.00/turn               (no ring)
MPRegen 0.10/turn               (no ring)

@: inhibited regen
A: claws 1, cold resistance 1, negative energy resistance 3, inhibited
regeneration, torment resistance 2
a: no special abilities


You were on level 4 of the Dungeon.
You visited 1 branch of the dungeon, and saw 5 of its levels.

You collected 268 gold pieces.

Inventory:

Armour
 a - a +0 robe
 d - a +0 leather armour (worn)
 j - a +0 tower shield
 k - a +0 plate armour
Jewellery
 x - a ring of ice
Wands
 u - a wand of iceblast (7)
Scrolls
 c - a scroll of fog {unknown}
 e - 6 scrolls of identify {unknown}
 f - 2 scrolls of enchant weapon {unknown}
 h - 2 scrolls of blinking {unknown}
 i - 3 scrolls of fear {unknown}
 l - 2 scrolls of immolation {unknown}
 n - a scroll of noise {unknown}
 r - a scroll of teleportation {unknown}
 s - a scroll of amnesia {unknown}
Potions
 b - a potion of ambrosia
 g - 2 potions of mutation {unknown}
 m - a potion of might {unknown}
 o - a potion of curing {unknown}
 p - a potion of heal wounds {unknown}
 q - a potion of resistance {unknown}
 t - a potion of flight {unknown}
 v - a potion of brilliance {unknown}
 w - a potion of lignification {unknown}


   Skills:
 + Level 6.5 Fighting
 - Level 2.6 Dodging
 - Level 2.1 Stealth
 * Level 8.7 Unarmed Combat


You had 7 spell levels left.
You didn't know any spells.
Your spell library contained the following spells:

 Spells                   Type           Power      Damage    Failure   Level
 Freeze                   Ice            0%         1d3       54%         1
 Pain                     Necr           0%         1d4       54%         1
 Blink                    Tloc           0%         N/A       69%         2
 Corpse Rot               Necr/Air       0%         N/A       69%         2
 Frozen Ramparts          Ice            0%         1d2       89%         3
 Lesser Beckoning         Tloc           0%         N/A       89%         3
 Animate Dead             Necr           0%         N/A       100%        4
 Dispel Undead            Necr           0%         3d6       100%        4
 Hailstorm                Conj/Ice       0%         3d3       100%        4
 Agony                    Necr           0%         N/A       100%        5
 Alistair's Intoxication  Tmut/Pois      0%         N/A       100%        5
 Borgnjor's Vile Clutch   Necr/Erth      0%         N/A       100%        5
 Excruciating Wounds      Necr           0%         N/A       100%        5
 Manifold Assault         Tloc           0%         N/A       100%        5
 Death Channel            Necr           0%         N/A       100%        6
 Eringya's Noxious Bog    Tmut/Pois      0%         N/A       100%        6


Dungeon Overview and Level Annotations

Branches:
Dungeon (5/15)
 Temple: D:4-7

Altars:

Shops:
D:1 [

Annotations:
D:2 Crazy Yiuf
D:4 Edmund


Innate Abilities, Weirdness & Mutations

You thrive by killing the living.
You are immune to poison.
You have sharp fingernails.
Your flesh is cold resistant. (rC+)
You are immune to negative energy. (rN+++)
You do not regenerate when monsters are visible.
You are immune to unholy pain and torment.


Message History

The orc hits you with a +0 flail.
You scratch the orc but do no damage.
The orc is almost dead.
The orc hits you with a +0 flail.
You claw the orc!
You kill the orc!
You feel better.
You scratch Edmund.
Edmund is lightly wounded.
Edmund hits you with a +1 flail of draining!
You scratch Edmund.
Edmund is moderately wounded.
You scratch Edmund but do no damage.
Edmund is moderately wounded.
The orc hits you from afar with a +0 trident.
Edmund hits you with a +1 flail of draining!
You scratch Edmund.
Edmund is moderately wounded.
The orc hits you from afar with a +0 trident.
Edmund hits you with a +1 flail of draining.
The orc priest shouts!
You scratch Edmund but do no damage.
Edmund is moderately wounded.
Edmund clears his throat.
Edmund hits you with a +1 flail of draining!
The orc misses you.
You scratch Edmund.
Edmund is moderately wounded.
The orc hits you from afar with a +0 trident!
* * * LOW HITPOINT WARNING * * *
Edmund hits you with a +1 flail of draining!
* * * LOW HITPOINT WARNING * * *
Edmund attacks as you move away!
Edmund hits you with a +1 flail of draining.
* * * LOW HITPOINT WARNING * * *
Edmund says, "Everyone always remembers my brother. 'Who's Edmund?' they ask!"
Edmund clears his throat.
Edmund attacks as you move away!
Edmund hits you with a +1 flail of draining!
You die...

#........# ##'###.'...####.#
#........# #..)...#...####'###
###.....## #......#..........#
#.....# #......#...<...[..#
#.....# ####...#...........
#.....# #..####.........
......#'#### ###..####.......#.
.#..#.#.########.......######....
..........oo.o.@@................
....######.######################
.# #.# #o# #o##########
#o.........# )..###.)........#
.................#
....o.....##......#


You could see Edmund, 2 orc priests and an orc.

Vanquished Creatures
  Eustachio (D:5)
  An ice beast (D:5)
  A black bear (D:5)
  A kobold brigand (D:3)
  A howler monkey (D:4)
  3 hounds (D:5)
  A jelly (D:4)
  2 orc priests (D:4)
  Ijyb (D:5)
  2 iguanas (D:5)
  4 orc wizards
  2 adders (D:3)
  A white imp (D:5)
  An ufetubus (D:4)
  2 worms
  3 dart slugs
  9 orcs
  5 ball pythons
  6 bats
  4 endoplasms
  4 giant cockroaches
  6 hobgoblins
  2 jackals (D:3)
  4 quokkas
  4 frilled lizards
  5 goblins
  14 kobolds
  3 rats
93 creatures vanquished.

Vanquished Creatures (others)
  3 fungi (D:2)
3 creatures vanquished.

Grand Total: 96 creatures vanquished

Notes
Turn   | Place    | Note
-------+----------+-------------------------------------------
     0 | D:1      | PaleWalker the Ghoul Monk began the quest for the Orb.
     0 | D:1      | Reached XP level 1. HP: 19/19 MP: 0/0
   136 | D:1      | Found Nonkiz's Antique Armour Shoppe.
   209 | D:1      | Reached XP level 2. HP: 26/26 MP: 1/1
   403 | D:1      | Found a faded altar of an unknown god.
   451 | D:1      | Reached skill level 4 in Unarmed Combat
   757 | D:2      | Reached XP level 3. HP: 33/33 MP: 2/2
  1672 | D:2      | Found a runed translucent door.
  1673 | D:2      | Noticed Crazy Yiuf
  2074 | D:3      | Reached XP level 4. HP: 30/40 MP: 3/3
  2185 | D:3      | Noticed a kobold brigand
  2209 | D:3      | Killed a kobold brigand
  2210 | D:3      | Reached skill level 5 in Unarmed Combat
  2210 | D:3      | Reached XP level 5. HP: 13/47 MP: 4/4
  3241 | D:4      | Reached skill level 6 in Unarmed Combat
  3714 | D:4      | Reached XP level 6. HP: 50/55 MP: 5/5
  3792 | D:4      | Reached skill level 5 in Fighting
  4183 | D:4      | Noticed Edmund
  4218 | D:5      | Entered Level 5 of the Dungeon
  4218 | D:5      | Noticed Ijyb
  4302 | D:5      | Killed Ijyb
  4366 | D:5      | Noticed Eustachio
  4377 | D:5      | Killed Eustachio
  4378 | D:5      | Reached skill level 7 in Unarmed Combat
  4378 | D:5      | Reached XP level 7. HP: 28/62 MP: 6/6
  4702 | D:5      | Reached skill level 8 in Unarmed Combat
  5073 | D:5      | Reached XP level 8. HP: 63/71 MP: 7/7
  5423 | D:4      | HP: 2/71 [Edmund/+1 flail of draining (6)]
  5428 | D:4      | Mangled by Edmund

Illustrated notes

Levels and vault maps discovered:
D:1:      dpeg_arrival_rhombus, layout_basic, serial_shops, shop,
          hellmonk_ecumenical_altar_zigzags, dreamdust_mushroom_princess,
          minmay_misc_feat_x, minmay_misc_feat_square, serial_bayou_crossing
D:2:      layout_basic, hex_tiny, uniq_crazy_yiuf_cottage
D:3:      cheibrodos_thug_alley, layout_basic, st_stairs_2
D:4:      layout_basic, uniq_edmund
D:5:      layout_loops_ring, st_stairs_14, uniq_eustachio, uniq_ijyb

Skill      XL: |  1  2  3  4  5  6  7 |
---------------+----------------------+-----
Unarmed Combat | 4 5 6 7 8 |  8.7
Fighting       | 4 5 6 |  6.5
Dodging        | |  2.6
Stealth        | |  2.1

Action                   |  1- 3 |  4- 6 |  7- 9 || total
-------------------------+-------+-------+-------++-------
Melee: Unarmed           |   129 |   126 |    59 ||   314
       Punch             |     4 |    10 |     2 ||    16
Evoke: Wand              |       |     5 |       ||     5
 Stab: Sleeping          |     3 |       |       ||     3
Armor: Robe              |     2 |       |       ||     2
       Leather armour    |    17 |    20 |     4 ||    41
Dodge: Dodged            |    41 |    74 |    31 ||   146

Table legend: (Time is in decaauts)
 A = Elapsed time spent in this place.
 B = Non-inter-level travel time spent in this place.
 C = Inter-level travel time spent in this place.
 D = Time resting spent in this place.
 E = Time spent auto-exploring this place.
 F = Levels seen in this place.
 G = Mean time per level.
                   A        B        C        D        E       F      G
               +--------+--------+--------+--------+--------+-----+--------+
         Total |   5408 |   5226 |    182 |    171 |   4195 |   5 | 1081.6 |
       Dungeon |   5408 |   5226 |    182 |    171 |   4195 |   5 | 1081.6 |
               +--------+--------+--------+--------+--------+-----+--------+

Top non-repeatable levels by time:
     D:3: 1362 daAuts
     D:4: 1192 daAuts
     D:5: 1100 daAuts
     D:2: 1076 daAuts
     D:1: 675 daAuts
